[Event "44th Chess Olympiad Women 2022"]
[Site "Chennai"]
[Date "2022.08.09"]
[Round "11.25"]
[White "Verbin, Valentina"]
[Black "Unuk, Laura"]
[Result "0-1"]
[ECO "C63"]
[WhiteElo "2069"]
[BlackElo "2340"]
[Annotator "RC"]
[PlyCount "70"]
[EventDate "2022.07.29"]
[EventType "team-tourn"]
[EventCountry "IND"]
[SourceTitle "playchess.com"]
[Source "ChessBase"]
[SourceQuality "1"]
[WhiteTeam "Moldova"]
[BlackTeam "Slovenia"]
[WhiteTeamCountry "MDA"]
[BlackTeamCountry "SLO"]
[TimeControl "40/5400+30:1800+30"]

1. e4 e5 2. Nf3 Nc6 3. Bb5 f5 4. d3 fxe4 5. dxe4 Nf6 6. Qd3 d6 7. a3 Bd7 8. Nc3 Qe7 9. Bg5 Qf7 10. O-O-O Be7 11. h3 O-O 12. Be3 Kh8 13. Bc4 Qe8 14. Nh4 a6 15. Bb3 b5 16. g3 Na5 17. Ba2 c5 18. Bd5 Rb8 19. b4 Nc4 20. Bxc4 bxc4 21. Qxc4 cxb4 22. axb4 d5 23. Nxd5 Nxd5 24. exd5 Bxb4 25. c3 Ba3+ 26. Kd2 Rb2+ 27. Ke1 Bb5 28. Qg4 Re2+ 29. Qxe2 Bxe2 30. Kxe2 Qb5+ 31. Ke1 Bb2 32. Bd2 Qxd5 33. Rg1 Rd8 34. Ke2 Qd3+ 35. Ke1 Bxc3 0-1

[Event "44th Chess Olympiad Women 2022"]
[Site "Chennai"]
[Date "2022.08.09"]
[Round "11.25"]
[White "Petricenco, Ana"]
[Black "Vidic, Teja"]
[Result "1-0"]
[ECO "B10"]
[WhiteElo "1912"]
[BlackElo "2099"]
[Annotator "NA RC"]
[PlyCount "95"]
[EventDate "2022.07.29"]
[EventType "team-tourn"]
[EventCountry "IND"]
[SourceTitle "playchess.com"]
[Source "ChessBase"]
[SourceQuality "1"]
[WhiteTeam "Moldova"]
[BlackTeam "Slovenia"]
[WhiteTeamCountry "MDA"]
[BlackTeamCountry "SLO"]
[TimeControl "40/5400+30:1800+30"]

1. e4 c6 2. d3 d5 3. Nd2 e5 4. Ngf3 Bd6 5. g3 Nf6 6. Bg2 O-O 7. O-O Re8 8. Re1 Nbd7 9. b3 a5 10. a3 Qc7 11. Bb2 a4 12. b4 d4 13. c3 dxc3 14. Bxc3 Nf8 15. d4 Ng6 16. Nc4 exd4 17. Nxd4 Bf8 18. Nf5 Be6 19. Nce3 Bb3 20. Qb1 Ne5 21. Nd4 Be6 22. Nxe6 Rxe6 23. h3 Qb6 24. Bxe5 Rxe5 25. Nc4 Qc7 26. Nxe5 Qxe5 27. Qc2 h5 28. Rad1 h4 29. g4 c5 30. bxc5 Bxc5 31. Rd3 b6 32. Red1 g6 33. Rf1 Nh7 34. Kh1 Qe7 35. f4 Bxa3 36. e5 Ra5 37. f5 Rxe5 38. fxg6 Nf6 39. gxf7+ Kg7 40. Rdf3 Re6 41. Qc3 Bb4 42. Qa1 Kg6 43. Qb1+ Kxf7 44. g5 Re1 45. Rxe1 Bxe1 46. Rxf6+ Ke8 47. Qb5+ Kd8 48. Qxb6+ 1-0

[Event "44th Chess Olympiad Women 2022"]
[Site "Chennai"]
[Date "2022.08.09"]
[Round "11.26"]
[White "Hakimifard, Ghazal"]
[Black "Johannsdottir, Johanna Bjorg"]
[Result "1-0"]
[ECO "B06"]
[WhiteElo "2296"]
[BlackElo "1976"]
[Annotator "RC"]
[PlyCount "35"]
[EventDate "2022.07.29"]
[EventType "team-tourn"]
[EventCountry "IND"]
[SourceTitle "playchess.com"]
[Source "ChessBase"]
[SourceQuality "1"]
[WhiteTeam "Switzerland"]
[BlackTeam "Iceland"]
[WhiteTeamCountry "SUI"]
[BlackTeamCountry "ISL"]
[TimeControl "40/5400+30:1800+30"]

1. e4 g6 2. d4 Bg7 3. Nc3 d6 4. Be3 a6 5. Qd2 b5 6. h4 h5 7. Nh3 Bb7 8. Ng5 Nd7 9. a4 b4 10. Nd5 c5 11. Bc4 e6 12. Nf4 Rc8 13. O-O Ngf6 14. dxc5 dxc5 15. Rad1 Ng4 16. Nxf7 Qxh4 17. Qxd7+ Kf8 18. Nxg6+ 1-0

[Event "44th Chess Olympiad Women 2022"]
[Site "Chennai"]
[Date "2022.08.09"]
[Round "11.26"]
[White "De Seroux, Camille"]
[Black "Acevedo Mendez, Lisseth"]
[Result "1-0"]
[ECO "C29"]
[WhiteElo "2106"]
[BlackElo "1784"]
[Annotator "NA RC"]
[PlyCount "49"]
[EventDate "2022.07.29"]
[EventType "team-tourn"]
[EventCountry "IND"]
[SourceTitle "playchess.com"]
[Source "ChessBase"]
[SourceQuality "1"]
[WhiteTeam "Switzerland"]
[BlackTeam "Iceland"]
[WhiteTeamCountry "SUI"]
[BlackTeamCountry "ISL"]
[TimeControl "40/5400+30:1800+30"]

1. e4 e5 2. Nc3 Nf6 3. f4 d5 4. fxe5 Nxe4 5. Nf3 Nxc3 6. bxc3 c5 7. d4 c4 8. Be2 Be7 9. O-O O-O 10. Qe1 Qa5 11. Bd2 Qa4 12. Bd1 a5 13. Qg3 Ra6 14. Ng5 Be6 15. Rf2 Rb6 16. Nxe6 Rxe6 17. Bh5 Qb5 18. Raf1 f5 19. Rxf5 Rxf5 20. Rxf5 g6 21. Rf1 Qe8 22. Bg4 Rb6 23. Qf3 Qd8 24. Qf7+ Kh8 25. Bh6 1-0

[Event "44th Chess Olympiad Women 2022"]
[Site "Chennai"]
[Date "2022.08.09"]
[Round "11.26"]
[White "Ptacnikova, Lenka"]
[Black "Georgescu, Lena"]
[Result "1/2-1/2"]
[ECO "A20"]
[WhiteElo "2066"]
[BlackElo "2279"]
[Annotator "RC"]
[PlyCount "120"]
[EventDate "2022.07.29"]
[EventType "team-tourn"]
[EventCountry "IND"]
[SourceTitle "playchess.com"]
[Source "ChessBase"]
[SourceQuality "1"]
[WhiteTeam "Iceland"]
[BlackTeam "Switzerland"]
[WhiteTeamCountry "ISL"]
[BlackTeamCountry "SUI"]
[TimeControl "40/5400+30:1800+30"]

1. c4 e5 2. g3 c6 3. Nf3 e4 4. Nd4 d5 5. cxd5 Qxd5 6. e3 Nf6 7. Nc3 Qe5 8. d3 exd3 9. f4 Qc7 10. Qxd3 Bc5 11. Ne4 Bb4+ 12. Bd2 Bxd2+ 13. Nxd2 O-O 14. Bg2 Na6 15. O-O Rd8 16. Qc3 Nd5 17. Bxd5 Rxd5 18. e4 Rd8 19. N2f3 c5 20. Nc2 b6 21. Rae1 Qe7 22. h4 Nc7 23. Rf2 Bb7 24. h5 h6 25. Nh4 Nb5 26. Qf3 Nd6 27. Qg4 Bxe4 28. f5 Qg5 29. Rxe4 Nxe4 30. Qxe4 Qxg3+ 31. Ng2 Re8 32. Qc4 Rad8 33. Qf4 Rd1+ 34. Rf1 Qxf4 35. Nxf4 Rd2 36. Ne1 Rxb2 37. f6 Rxa2 38. Nf3 Re3 39. Nd5 Ree2 40. Nh4 gxf6 41. Nxf6+ Kg7 42. Ng4 c4 43. Nf5+ Kf8 44. Nfxh6 c3 45. Nxf7 Rg2+ 46. Kh1 Rxg4 47. Ne5+ Kg8 48. Nxg4 c2 49. Rc1 Ra4 50. Ne3 Rh4+ 51. Kg2 Rxh5 52. Rxc2 Rc5 53. Rxc5 bxc5 54. Kf3 Kf7 55. Ke4 Ke6 56. Nc4 a6 57. Na5 Kd6 58. Kd3 Kd5 59. Kc3 Ke5 60. Kc4 Kd6 1/2-1/2

[Event "44th Chess Olympiad Women 2022"]
[Site "Chennai"]
[Date "2022.08.09"]
[Round "11.26"]
[White "Thorsteinsdottir, Hallgerdur"]
[Black "Stoeri, Laura"]
[Result "1-0"]
[ECO "C58"]
[WhiteElo "1934"]
[BlackElo "2084"]
[Annotator "NA RC"]
[PlyCount "93"]
[EventDate "2022.07.29"]
[EventType "team-tourn"]
[EventCountry "IND"]
[SourceTitle "playchess.com"]
[Source "ChessBase"]
[SourceQuality "1"]
[WhiteTeam "Iceland"]
[BlackTeam "Switzerland"]
[WhiteTeamCountry "ISL"]
[BlackTeamCountry "SUI"]
[TimeControl "40/5400+30:1800+30"]

1. e4 e5 2. Nf3 Nc6 3. Bc4 Nf6 4. Ng5 d5 5. exd5 Na5 6. Bb5+ c6 7. dxc6 bxc6 8. Qf3 Rb8 9. Be2 Be7 10. Nc3 O-O 11. d3 Nd5 12. Nge4 Nb4 13. Bd1 f5 14. Ng3 c5 15. O-O Nac6 16. Qe2 Nd4 17. Qd2 f4 18. Nge2 Nf5 19. f3 c4 20. a3 Qb6+ 21. Kh1 Ne3 22. Rg1 cxd3 23. axb4 dxe2 24. Qxe2 Nf5 25. Re1 Rf6 26. Ne4 Rh6 27. c3 Bb7 28. g4 Nh4 29. Bb3+ Kh8 30. Ra5 Ng6 31. Bd5 Bh4 32. Rd1 Bxd5 33. Raxd5 Rd8 34. Rxd8+ Bxd8 35. Nd6 Qc7 36. Nf7+ Qxf7 37. Rxd8+ Nf8 38. Qxe5 Kg8 39. Bxf4 Re6 40. Qd5 h6 41. c4 Kh7 42. Bg3 Ng6 43. c5 Qe7 44. Kg2 Re2+ 45. Kh3 Re6 46. c6 Rxc6 47. Qg8# 1-0

[Event "44th Chess Olympiad Women 2022"]
[Site "Chennai"]
[Date "2022.08.09"]
[Round "11.27"]
[White "Chirivi C, Jenny Astrid"]
[Black "Abdi, Zineb Dina"]
[Result "1-0"]
[ECO "D36"]
[WhiteElo "2157"]
[BlackElo "1899"]
[Annotator "ChessBase"]
[PlyCount "69"]
[EventDate "2022.07.29"]
[EventType "team-tourn"]
[EventCountry "IND"]
[SourceTitle "playchess.com"]
[Source "ChessBase"]
[SourceQuality "1"]
[WhiteTeam "Colombia"]
[BlackTeam "Algeria"]
[WhiteTeamCountry "COL"]
[BlackTeamCountry "ALG"]
[TimeControl "40/5400+30:1800+30"]

1. d4 Nf6 2. c4 e6 3. Nc3 d5 4. cxd5 exd5 5. Bg5 Be7 6. e3 c6 7. Qc2 Nbd7 8. Bd3 h6 9. Bf4 O-O 10. h3 Re8 11. Nf3 Nf8 12. O-O Bd6 13. Ne5 Ne6 14. Bh2 Ng5 15. f4 Nge4 16. Bxe4 Nxe4 17. Nxe4 dxe4 18. f5 Qg5 19. Bf4 Qh5 20. Qb3 Bxe5 21. Bxe5 Bxf5 22. Qxb7 Qg6 23. Kh2 Rec8 24. Rac1 Qe6 25. Rc5 Qd7 26. Qb4 Be6 27. Qe1 f6 28. Bxf6 gxf6 29. Rxf6 Kg7 30. Qh4 Rh8 31. Rh5 Bf7 32. Rhxh6 Rag8 33. Qf4 Qe7 34. Rxc6 Rh7 35. Rxh7+ 1-0

[Event "44th Chess Olympiad Women 2022"]
[Site "Chennai"]
[Date "2022.08.09"]
[Round "11.27"]
[White "Nassr, Lina"]
[Black "Castrillon Gomez, Melissa"]
[Result "1/2-1/2"]
[ECO "A48"]
[WhiteElo "2011"]
[BlackElo "2230"]
[Annotator "RC"]
[PlyCount "136"]
[EventDate "2022.07.29"]
[EventType "team-tourn"]
[EventCountry "IND"]
[SourceTitle "playchess.com"]
[Source "ChessBase"]
[SourceQuality "1"]
[WhiteTeam "Algeria"]
[BlackTeam "Colombia"]
[WhiteTeamCountry "ALG"]
[BlackTeamCountry "COL"]
[TimeControl "40/5400+30:1800+30"]

1. d4 Nf6 2. Nf3 g6 3. e3 Bg7 4. Be2 c5 5. O-O O-O 6. dxc5 Qa5 7. a3 Qxc5 8. b4 Qc7 9. Bb2 d5 10. Nc3 e6 11. Nb5 Qd8 12. c4 a6 13. Nbd4 Nbd7 14. Nd2 Ne4 15. cxd5 exd5 16. Nxe4 dxe4 17. Qb3 Qg5 18. g3 Ne5 19. h4 Qe7 20. Qc2 f5 21. Rac1 g5 22. Qc7 Qf6 23. hxg5 Qxg5 24. Ne6 Bxe6 25. Bxe5 Rf7 26. Bf4 Rxc7 27. Bxg5 Rac8 28. Rxc7 Rxc7 29. Rd1 Rd7 30. Rxd7 Bxd7 31. Bc4+ Kf8 32. Bd5 b5 33. Bb7 Bb2 34. Bd8 Bxa3 35. Ba5 Ke7 36. Bxa6 Kd6 37. Bb7 Be6 38. Kg2 Bb2 39. Kf1 Bc3 40. Kg2 Bd2 41. Kg1 Kd7 42. Kg2 Bc4 43. Kg1 Bc3 44. Kg2 Be5 45. f3 exf3+ 46. Kxf3 Bd6 47. e4 Bd3 48. exf5 Bxf5 49. Bd5 h5 50. Bf7 Bg4+ 51. Kf2 Ke7 52. Bd5 Bd7 53. Bf3 Be8 54. Kg2 Ke6 55. Be2 Ke5 56. Kh3 Be7 57. Kg2 Kd4 58. Kh3 Ke3 59. Bd1 Bd7+ 60. Kg2 Bg4 61. Bc2 Kd2 62. Bg6 Kc3 63. Be8 Bxb4 64. Bb6 Be2 65. Kf2 Kd2 66. Bf7 Bd1 67. Be8 Be2 68. Bf7 Bd1 1/2-1/2

[Event "44th Chess Olympiad Women 2022"]
[Site "Chennai"]
[Date "2022.08.09"]
[Round "11.27"]
[White "Pachon, Adriana"]
[Black "Hamza, Amira"]
[Result "1-0"]
[ECO "C02"]
[WhiteElo "2007"]
[BlackElo "1848"]
[Annotator "TA"]
[PlyCount "87"]
[EventDate "2022.07.29"]
[EventType "team-tourn"]
[EventCountry "IND"]
[SourceTitle "playchess.com"]
[Source "ChessBase"]
[SourceQuality "1"]
[WhiteTeam "Colombia"]
[BlackTeam "Algeria"]
[WhiteTeamCountry "COL"]
[BlackTeamCountry "ALG"]
[TimeControl "40/5400+30:1800+30"]

1. e4 e6 2. d4 d5 3. e5 c5 4. c3 Nc6 5. Nf3 Bd7 6. a3 Qb6 7. b4 cxd4 8. cxd4 Rc8 9. Bb2 Nge7 10. Nc3 {[%emt 0:02:09] C02: French: Advance Variation.} Nf5 (10... Na5 $1 $11) 11. Na4 $16 Qc7 12. Rc1 {[%emt 0:00:56] White is better.} Qb8 {[%emt 0:03:17] [#]} 13. g4 $146 ({Predecessor:} 13. Bd3 Be7 14. Nc5 Rd8 15. Qd2 Nh4 16. b5 Nxf3+ 17. gxf3 Nxe5 18. dxe5 Bc8 19. Bb1 {0-1 (51) Blaszkiewicz,M (1818)-Adamczewski,M (2053) Katowice 2020}) 13... Nh6 14. h3 ({White should play} 14. Rg1 $16) 14... Be7 (14... f6 $1 $14) 15. Nc5 Bxc5 16. Rxc5 (16. bxc5 f6 $14) 16... O-O 17. Bd3 b6 18. Rc3 Ne7 19. Rxc8 Qxc8 20. O-O f5 21. exf6 gxf6 22. Qd2 Kg7 ({Black should try} 22... Nf7) 23. Bc1 {[%emt 0:07:39] A strong pair of Bishops.} (23. Rc1 $16 Qb8 24. g5) 23... Nhg8 (23... Nf7 $14) 24. g5 f5 $2 (24... Be8 $16) 25. Ne5 (25. Qe2 $18 {Threatens to win with Qe5+.} Qc7 26. h4) 25... Ba4 $2 (25... Ng6 $16) 26. b5 Ng6 27. Nc6 (27. Nxg6 $18 {has better winning chances.} hxg6 28. Qb2) 27... a6 28. Qe2 {[%emt 0:08:08][%cal Oc1f4] And now Bf4! would win.} Bxb5 29. Bxb5 axb5 30. Qxb5 Qc7 31. Re1 Nh4 (31... Nf4 32. Ne5 Ng6 33. Nxg6 hxg6 34. Bd2 $18) (31... f4 $11 {remains equal.}) 32. Rxe6 Qd7 33. Rh6 $2 {[%emt 0:05:14][%mdl 8192] 0x0.0002db319326dp-1022s more active pieces.} Nxh6 $19 34. gxh6+ Kh8 {[%emt 0:00:30] Hoping for ...f4.} 35. Bf4 Ng6 ({Don't blunder} 35... Rf6 $2 36. Na7 Qe6 37. Kf1 $19) 36. Bg5 (36. Be5+ $142 Nxe5 37. dxe5) 36... f4 37. Qxb6 Qf5 ({Not} 37... Qxh3 38. Qc7 Qg4+ 39. Kf1 Qd1+ 40. Kg2 Qg4+ 41. Kf1 Qd1+ 42. Kg2 Qg4+ 43. Kf1 $11) 38. h4 {[%emt 0:02:13] [#]} Nxh4 $1 {[%emt 0:01:38][%mdl 576] Decoy} 39. Bxh4 (39. Ne5 Qxg5+) 39... Qg4+ 40. Kf1 Qd1+ 41. Kg2 Rg8+ 42. Bg3 f3+ $4 {[%emt 0:00:16][%mdl 8192] [#]} (42... fxg3 {avoids the disaster.} 43. Qd8 Rxd8 44. Nxd8 gxf2 45. Kxf2 Qxd4+ 46. Kf3 Qf6+ 47. Ke3 Qxd8 48. Kd4 Qb6+ 49. Ke5 Qe3+ 50. Kxd5 Qxh6 51. Ke4 Qg6+ 52. Ke5 h5 53. Kd4 h4 54. a4 h3 55. a5 h2 56. a6 h1=Q 57. a7 Qhe4+ 58. Kc3 Qg3+ 59. Kb2 Qeg2+ 60. Kc1 Qe1#) 43. Kh2 Rf8 44. Ne7 {[%emt 0:01:06] What a fight!  Weighted Error Value: White=0.76/Black=0.46} 1-0

[Event "44th Chess Olympiad Women 2022"]
[Site "Chennai"]
[Date "2022.08.09"]
[Round "11.27"]
[White "Nassr, Rania"]
[Black "Argote Heredia, Valentina"]
[Result "0-1"]
[ECO "A14"]
[WhiteElo "1737"]
[BlackElo "2205"]
[Annotator "RC"]
[PlyCount "120"]
[EventDate "2022.07.29"]
[EventType "team-tourn"]
[EventCountry "IND"]
[SourceTitle "playchess.com"]
[Source "ChessBase"]
[SourceQuality "1"]
[WhiteTeam "Algeria"]
[BlackTeam "Colombia"]
[WhiteTeamCountry "ALG"]
[BlackTeamCountry "COL"]
[TimeControl "40/5400+30:1800+30"]

1. d4 Nf6 2. Nf3 e6 3. g3 d5 4. Bg2 Be7 5. O-O O-O 6. c4 b6 7. b3 Bb7 8. Nbd2 c5 9. e3 Nc6 10. Bb2 Rc8 11. a3 cxd4 12. cxd5 Nxd5 13. exd4 Rc7 14. Qe2 Qc8 15. Rfd1 Ba6 16. Qe1 Na5 17. Rdc1 Nc6 18. Ne5 Nxe5 19. dxe5 Rd8 20. Ne4 Qd7 21. Rd1 Rc2 22. Rd2 Rxd2 23. Qxd2 Qb5 24. Bf1 Qxb3 25. Bxa6 Nc7 26. Qc3 Qxc3 27. Bxc3 Nxa6 28. Bb4 Bf8 29. Bxf8 Kxf8 30. Nd6 Nc5 31. a4 f6 32. f4 fxe5 33. fxe5 Nd3 34. Nb5 Rd7 35. a5 Nxe5 36. axb6 axb6 37. Rb1 Ke7 38. Nc3 Rd6 39. Na4 Nd7 40. Rb4 e5 41. Kg2 Rd4 42. Nxb6 Rxb4 43. Nd5+ Kd6 44. Nxb4 Kc5 45. Nc2 Kc4 46. Kf3 Kc3 47. Ne1 Kd2 48. Ng2 Nf6 49. g4 g5 50. Ne3 e4+ 51. Kf2 Kd3 52. h3 h6 53. Ng2 Nd5 54. h4 Nf4 55. Ne1+ Kd2 56. hxg5 hxg5 57. Kf1 Kd1 58. Nf3 exf3 59. Kf2 Kd2 60. Kxf3 Kd3 0-1

[Event "44th Chess Olympiad Women 2022"]
[Site "Chennai"]
[Date "2022.08.09"]
[Round "11.28"]
[White "Alboredo, Julia"]
[Black "Heredia Serrano, Carla"]
[Result "1/2-1/2"]
[ECO "B12"]
[WhiteElo "2264"]
[BlackElo "2090"]
[Annotator "RC"]
[PlyCount "127"]
[EventDate "2022.07.29"]
[EventType "team-tourn"]
[EventCountry "IND"]
[SourceTitle "playchess.com"]
[Source "ChessBase"]
[SourceQuality "1"]
[WhiteTeam "Brazil"]
[BlackTeam "Ecuador"]
[WhiteTeamCountry "BRA"]
[BlackTeamCountry "ECU"]
[TimeControl "40/5400+30:1800+30"]

1. e4 c6 2. d4 d5 3. e5 Bf5 4. h4 a6 5. Nc3 h5 6. Bd3 Bxd3 7. Qxd3 e6 8. Bg5 Qc7 9. Nf3 c5 10. dxc5 Bxc5 11. O-O Nc6 12. a3 Rc8 13. Rfe1 Nge7 14. Bf4 Qb6 15. Bg3 Nf5 16. Na4 Qa7 17. Nxc5 Qxc5 18. Bf4 Ncd4 19. Nxd4 Qxd4 20. Qxd4 Nxd4 21. Rac1 Rc4 22. b3 Rc6 23. c4 Nxb3 24. cxd5 Rxc1 25. Bxc1 exd5 26. Be3 d4 27. Rb1 dxe3 28. Rxb3 exf2+ 29. Kxf2 b5 30. Rg3 O-O 31. Ke3 Rc8 32. Kd2 Rc5 33. Re3 Kf8 34. e6 f6 35. e7+ Ke8 36. Re6 Rc7 37. Rxa6 Kxe7 38. Rb6 Ra7 39. Rxb5 Rxa3 40. Rxh5 Ra2+ 41. Ke3 Rxg2 42. Kf3 Rg1 43. Ra5 Kf7 44. Kf4 Kg6 45. Rb5 Rc1 46. Ra5 Rc3 47. Rb5 Kh6 48. Rb8 g6 49. Rh8+ Kg7 50. Ra8 Rb3 51. Ra5 Kh6 52. Ra8 f5 53. Ke5 Kh5 54. Rh8+ Kg4 55. Rh6 Re3+ 56. Kf6 f4 57. Rxg6+ Kh3 58. Rg1 f3 59. h5 f2 60. Rf1 Kg2 61. Rxf2+ Kxf2 62. h6 Rh3 63. Kg7 Rg3+ 64. Kf7 1/2-1/2

[Event "44th Chess Olympiad Women 2022"]
[Site "Chennai"]
[Date "2022.08.09"]
[Round "11.28"]
[White "Terao, Juliana Sayumi"]
[Black "Penafiel Mendoza, Josselyne"]
[Result "1-0"]
[ECO "B22"]
[WhiteElo "2223"]
[BlackElo "1804"]
[Annotator "RC"]
[PlyCount "59"]
[EventDate "2022.07.29"]
[EventType "team-tourn"]
[EventCountry "IND"]
[SourceTitle "playchess.com"]
[Source "ChessBase"]
[SourceQuality "1"]
[WhiteTeam "Brazil"]
[BlackTeam "Ecuador"]
[WhiteTeamCountry "BRA"]
[BlackTeamCountry "ECU"]
[TimeControl "40/5400+30:1800+30"]

1. e4 c5 2. c3 Nf6 3. e5 Nd5 4. Nf3 e6 5. d4 cxd4 6. cxd4 d6 7. Bc4 Nb6 8. Bd3 Nc6 9. a3 dxe5 10. dxe5 Qc7 11. Bf4 Nd5 12. Bg3 b6 13. O-O Bb7 14. Qe2 g6 15. Nbd2 Bg7 16. Rac1 O-O 17. h4 Nde7 18. Bh2 Qd7 19. Ne4 Qd5 20. Rfd1 Nxe5 21. Bxe5 Bxe5 22. Bb1 Qa5 23. b4 Qxa3 24. Nxe5 Qxb4 25. Nf6+ Kg7 26. Ned7 Rfd8 27. Qe5 Qxh4 28. Rd4 Nc6 29. Ne8+ Kg8 30. Qg7# 1-0

[Event "44th Chess Olympiad Women 2022"]
[Site "Chennai"]
[Date "2022.08.09"]
[Round "11.28"]
[White "Ortiz Verdezoto, Anahi"]
[Black "Librelato, Kathie Goulart"]
[Result "0-1"]
[ECO "D31"]
[WhiteElo "2046"]
[BlackElo "2255"]
[Annotator "RC"]
[PlyCount "82"]
[EventDate "2022.07.29"]
[EventType "team-tourn"]
[EventCountry "IND"]
[SourceTitle "playchess.com"]
[Source "ChessBase"]
[SourceQuality "1"]
[WhiteTeam "Ecuador"]
[BlackTeam "Brazil"]
[WhiteTeamCountry "ECU"]
[BlackTeamCountry "BRA"]
[TimeControl "40/5400+30:1800+30"]

1. d4 d5 2. c4 e6 3. Nc3 c6 4. cxd5 exd5 5. Qc2 Bd6 6. Nf3 Ne7 7. e3 Bf5 8. Bd3 Bxd3 9. Qxd3 Nd7 10. O-O O-O 11. e4 dxe4 12. Nxe4 Bc7 13. Bg5 Re8 14. Qa3 Nf8 15. Rfe1 Ne6 16. Bh4 Qd7 17. Ne5 Qxd4 18. Rad1 Qxe5 19. Nf6+ gxf6 20. Rxe5 Bxe5 21. Bg3 Rad8 22. Rf1 Rd2 23. Bxe5 fxe5 24. Qb4 Rd7 25. Qa5 b5 26. Re1 f6 27. h3 Red8 28. Re3 Kf7 29. Rc3 Rd1+ 30. Kh2 R8d7 31. Rc2 Nd4 32. Rc5 Rd2 33. Rc3 Rxf2 34. a4 Nd5 35. axb5 Nxc3 36. bxc6 Ne4 37. h4 Nxc6 38. Qa4 Rdd2 39. Qxe4 Rxg2+ 40. Kh1 Rge2 41. Qxh7+ Ke6 0-1

[Event "44th Chess Olympiad Women 2022"]
[Site "Chennai"]
[Date "2022.08.09"]
[Round "11.28"]
[White "Miranda Vargas, Analia Karen"]
[Black "Bail, Ellen Larissa"]
[Result "1/2-1/2"]
[ECO "E06"]
[WhiteElo "1723"]
[BlackElo "1892"]
[Annotator "NA RC COMBH"]
[PlyCount "109"]
[EventDate "2022.07.29"]
[EventType "team-tourn"]
[EventCountry "IND"]
[SourceTitle "playchess.com"]
[Source "ChessBase"]
[SourceQuality "1"]
[WhiteTeam "Ecuador"]
[BlackTeam "Brazil"]
[WhiteTeamCountry "ECU"]
[BlackTeamCountry "BRA"]
[TimeControl "40/5400+30:1800+30"]

1. Nf3 d5 2. c4 e6 3. g3 Nf6 4. Bg2 Be7 5. d4 O-O 6. O-O c6 7. Nc3 b6 8. Qd3 Na6 9. a3 Nc7 10. Ne5 Bb7 11. e4 dxc4 12. Nxc4 Ba6 13. Ne2 e5 14. Rd1 Ne6 15. b3 exd4 16. e5 Nd5 17. Nxd4 Nxd4 18. Qxd4 Nc3 19. Qxd8 Rc8 20. Qxf8+ Rxf8 21. Rd8 Rxd8 22. Bf3 Nb5 23. Bb2 Nd4 24. Bxd4 Rxd4 25. Bxc6 Bxc4 26. bxc4 Rxc4 27. Bd5 Rc5 28. Bb3 Rc3 29. Bd5 Bxa3 30. Rd1 Kf8 31. Ba2 Rc2 32. Bb3 Rc3 33. Ba4 g5 34. Rd8+ Kg7 35. Rd7 Kg6 36. Rxa7 Bc5 37. Be8 Rf3 38. Ra2 Kg7 39. Kg2 Rf5 40. Re2 Bd4 41. Rd2 Rxe5 42. Bxf7 Kxf7 43. Rxd4 Ke6 44. Kf3 Rd5 45. Rb4 b5 46. h4 Kd6 47. hxg5 Rxg5 48. Kf4 Rd5 49. Ke4 Rg5 50. f4 Rc5 51. g4 h5 52. gxh5 Rxh5 53. Kd4 Rd5+ 54. Kc3 Kc5 55. Re4 1/2-1/2

[Event "44th Chess Olympiad Women 2022"]
[Site "Chennai"]
[Date "2022.08.09"]
[Round "11.29"]
[White "Newrkla, Katharina"]
[Black "Milovic, Aleksandra"]
[Result "1-0"]
[ECO "B90"]
[WhiteElo "2265"]
[BlackElo "2129"]
[Annotator "RC"]
[PlyCount "105"]
[EventDate "2022.07.29"]
[EventType "team-tourn"]
[EventCountry "IND"]
[SourceTitle "playchess.com"]
[Source "ChessBase"]
[SourceQuality "1"]
[WhiteTeam "Austria"]
[BlackTeam "Montenegro"]
[WhiteTeamCountry "AUT"]
[BlackTeamCountry "MNE"]
[TimeControl "40/5400+30:1800+30"]

1. e4 c5 2. Nf3 d6 3. d4 cxd4 4. Nxd4 Nf6 5. Nc3 a6 6. f3 b5 7. Be3 Bb7 8. a3 Nc6 9. Qd2 Qc7 10. Bd3 Ne5 11. O-O-O Nc4 12. Bxc4 Qxc4 13. g4 e6 14. Nb3 a5 15. Qd4 Qxd4 16. Nxd4 b4 17. Ncb5 O-O-O 18. a4 d5 19. e5 Ne8 20. Nb3 f6 21. Nxa5 fxe5 22. Bb6 Rd7 23. Na7+ Kb8 24. N7c6+ Bxc6 25. Nxc6+ Kc8 26. Nxe5 Rb7 27. Bd4 Nd6 28. b3 Nf7 29. Rhe1 Nd8 30. Kb2 Bd6 31. a5 Bb8 32. a6 Rc7 33. Bb6 Ba7 34. Bxc7 Kxc7 35. c4 bxc3+ 36. Kxc3 Kb6 37. Ra1 Kb5 38. Kd3 Re8 39. Rec1 Re7 40. Rc8 Nf7 41. Nxf7 Rxf7 42. Ke2 e5 43. Rd8 d4 44. Rd5+ Kb4 45. Rxe5 Kxb3 46. Rc1 Kb4 47. Rc8 g6 48. g5 Rd7 49. Kd3 Rf7 50. Rc4+ Ka3 51. Ra5+ Kb3 52. Rb5+ Ka3 53. Ke4 1-0

[Event "44th Chess Olympiad Women 2022"]
[Site "Chennai"]
[Date "2022.08.09"]
[Round "11.29"]
[White "Mayrhuber, Nikola"]
[Black "Bacic, Kristina"]
[Result "1-0"]
[ECO "D15"]
[WhiteElo "2141"]
[BlackElo "1866"]
[Annotator "NA RC"]
[PlyCount "45"]
[EventDate "2022.07.29"]
[EventType "team-tourn"]
[EventCountry "IND"]
[SourceTitle "playchess.com"]
[Source "ChessBase"]
[SourceQuality "1"]
[WhiteTeam "Austria"]
[BlackTeam "Montenegro"]
[WhiteTeamCountry "AUT"]
[BlackTeamCountry "MNE"]
[TimeControl "40/5400+30:1800+30"]

1. d4 d5 2. c4 c6 3. Nf3 Nf6 4. Nc3 dxc4 5. g3 Bf5 6. Bg2 e6 7. Ne5 Nbd7 8. Nxc4 Be7 9. a4 Nb6 10. Ne5 Nbd5 11. O-O O-O 12. Re1 Nxc3 13. bxc3 Ne4 14. Bb2 f6 15. Nd3 Qc7 16. f3 Ng5 17. e4 Bh3 18. Qb3 Bxg2 19. Kxg2 Qd7 20. Nf4 Kh8 21. h4 e5 22. Ng6+ hxg6 23. hxg5 1-0

[Event "44th Chess Olympiad Women 2022"]
[Site "Chennai"]
[Date "2022.08.09"]
[Round "11.29"]
[White "Koljevic, Nikolina"]
[Black "Polterauer, Chiara"]
[Result "0-1"]
[ECO "C49"]
[WhiteElo "2014"]
[BlackElo "2183"]
[Annotator "RC"]
[PlyCount "100"]
[EventDate "2022.07.29"]
[EventType "team-tourn"]
[EventCountry "IND"]
[SourceTitle "playchess.com"]
[Source "ChessBase"]
[SourceQuality "1"]
[WhiteTeam "Montenegro"]
[BlackTeam "Austria"]
[WhiteTeamCountry "MNE"]
[BlackTeamCountry "AUT"]
[TimeControl "40/5400+30:1800+30"]

1. e4 e5 2. Nf3 Nc6 3. Nc3 Nf6 4. Bb5 Bb4 5. Nd5 Bd6 6. d3 Nxd5 7. exd5 Nd4 8. Nxd4 exd4 9. Qg4 Qe7+ 10. Qe4 O-O 11. Qxe7 Bxe7 12. Bf4 d6 13. Kd2 a6 14. Ba4 b5 15. Bb3 Bd7 16. Rhe1 Bf6 17. h3 h5 18. a4 h4 19. Bh2 Rfb8 20. Reb1 Re8 21. Re1 Reb8 22. Reb1 g6 23. Ra2 Kg7 24. axb5 axb5 25. Rba1 Rxa2 26. Rxa2 Rc8 27. Ra7 Be8 28. Ke2 Kf8 29. Bf4 Ke7 30. Bd2 Bd7 31. Ba5 Kd8 32. Kf3 Bf5 33. g4 hxg3 34. fxg3 Bxh3 35. g4 Be5 36. Rb7 f5 37. gxf5 Bxf5 38. Rxb5 Ra8 39. Bd2 Bf6 40. Bc4 g5 41. b4 Ke7 42. Ra5 Rh8 43. Ra7 Kf7 44. Rxc7+ Kg6 45. Kg2 Be5 46. Kg1 Rh2 47. b5 Rxd2 48. b6 Bh3 49. Ra7 Rxc2 50. Bb5 Bg3 0-1